 Dungeon Crawl Stone Soup version 0.19-a0-1225-gf887c1c (webtiles) character file.

10075 Ijustatesigmund the Covert (level 11, -37/82 HPs)
             Began as an Octopode Wizard on Aug 25, 2016.
             Was an Elder of Vehumet.
             Killed from afar by a storm dragon (46 damage)
             ... with a bolt of lightning
             ... on level 12 of the Dungeon.
             The game lasted 01:32:30 (17640 turns).

Ijustatesigmund the Covert (Octopode Wizard)       Turns: 17640, Time: 01:32:31

Health: -37/82     AC:  8    Str:  8    XL:     11   Next: 56%
Magic:  13/17      EV: 15    Int: 22    God:    Vehumet [****..]
Gold:   519        SH:  0    Dex: 11    Spells: 7 memorised, 2 levels left

rFire  + . .     SeeInvis .     g - +2 short sword (protect)
rCold  . . .     Gourm    .     (no shield)
rNeg   . . .     Faith    .     a - +2 hat
rPois  .         Spirit   .     (no amulet)
rElec  .         Dismiss  .     d - ring of protection from magic
rCorr  .         Reflect  .     e - ring of protection from fire
MR     +....     Harm     .     (no ring)
Stlth  +++++.....               (no ring)
                                (no ring)
                                (no ring)
                                (no ring)
                                (no ring)

@: exhausted, very slightly contaminated, slowed, repel missiles, drained, very
slow
A: almost no armour, amphibious, 8 rings, constrict 8, camouflage 1, robust 1,
gelatinous body 1
a: Renounce Religion


You were on level 12 of the Dungeon.
You worshipped Vehumet.
Vehumet was greatly pleased with you.
You were hungry.

You visited 1 branch of the dungeon, and saw 12 of its levels.

You collected 620 gold pieces.
You spent 101 gold pieces at shops.

Inventory:

Hand Weapons
 g - a +2 short sword of protection (weapon)
 m - a +0 blowgun
 F - a +2 dagger of freezing
 H - a +2 vampiric short sword
Missiles
 h - 2 throwing nets
 u - 15 curare-tipped needles
 C - 4 tomahawks (quivered)
Armour
 a - a +2 hat (worn)
 v - a +0 buckler
Jewellery
 d - a ring of protection from magic (left tentacle)
 e - a ring of protection from fire (right tentacle)
 K - an uncursed amulet of dismissal
Wands
 f - a wand of slowing (17/48)
 w - a wand of iceblast (0/15)
 G - a wand of digging (6/24)
 I - a wand of acid (2/15)
Scrolls
 i - 6 scrolls of remove curse
 y - 4 scrolls of amnesia
 z - a scroll of fog
 L - 2 scrolls of recharging
Potions
 l - 3 potions of lignification
 n - a potion of haste
 o - a potion of mutation
 q - a potion of curing
 r - 3 potions of magic
 s - a potion of cancellation {unknown}
 t - a potion of berserk rage
 x - a potion of agility {unknown}
 A - a potion of ambrosia {unknown}
 B - 2 potions of flight {unknown}
Books
 b - a book of Minor Magic

   Spells                             Type                      Level
   a - Magic Dart                     Conjuration                  1
   b - Blink                          Translocation                2
   c - Call Imp                       Summoning                    2
   d - Repel Missiles                 Charms/Air                   2
   e - Slow                           Hexes                        2
   f - Conjure Flame                  Conjuration/Fire             3
   g - Mephitic Cloud                 Conjuration/Poison/Air       3
Miscellaneous
 J - a box of beasts
Comestibles
 c - 5 bread rations
 k - 3 meat rations
 D - 5 beef jerkies
 E - 2 slices of pizza


   Skills:
 - Level 7.2(7.1) Fighting
 - Level 6.4 Short Blades
 - Level 4.8(4.7) Dodging
 - Level 8.1(8.0) Stealth
 - Level 4.5(4.4) Spellcasting
 - Level 6.5 Conjurations
   Level 1.0(0.9) Summonings
 - Level 3.7(3.6) Translocations
 + Level 7.3(7.2) Fire Magic
 - Level 5.1(5.0) Air Magic
 - Level 5.5(5.4) Poison Magic


You had 2 spell levels left.
You knew the following spells:

 Your Spells              Type           Power        Failure   Level  Hunger
a - Magic Dart            Conj           ####         1%          1    None
b - Blink                 Tloc           N/A          4%          2    #......
c - Repel Missiles        Chrm/Air       ###...       8%          2    #......
d - Conjure Flame         Conj/Fire      #####...     1%          3    ##.....
e - Mephitic Cloud        Conj/Pois/Air  ####....     1%          3    ##.....
f - Searing Ray           Conj           ####..       1%          2    #......
g - Sticky Flame          Conj/Fire      #####...     2%          4    ####...


Dungeon Overview and Level Annotations

Branches:
Dungeon (12/15)            Temple (0/1) D:4             Orc (0/2) D:9
   Lair: D:8-11

Altars:
Ashenzari
Cheibriados
Dithmenos
Elyvilon
Gozag
Hepliaklqana
Makhleb
Nemelex Xobeh
Okawaru
Qazlal
Ru
Sif Muna
Vehumet
Xom
Zin

Shops:
D:7 (   D:8 %:!!*

Annotations:
D:10 Maurice
D:11 Nergalle


Innate Abilities, Weirdness & Mutations

You cannot wear most types of armour.
You are amphibious.
You can wear up to eight rings at the same time.
You can use your tentacles to constrict eight enemies at once.
Your skin changes colour to match your surroundings (Stealth+).
Your rubbery body absorbs attacks. (AC +1, EV +1)
You are robust. (+10% HP)


Message History

You feel momentarily weightless.
The worker ant waves its antennae.
The storm dragon bites you!
* * * LOW HITPOINT WARNING * * *
The storm dragon claws you!
* * * LOW HITPOINT WARNING * * *
The storm dragon tramples you but does no damage.
Casting: Mephitic Cloud
Confirm with . or Enter, or press ? or * to list all spells.
You blink.
The worker ant completely misses you. The orc warrior barely misses you.
Blink to where?
Press: ? - help, Dir - move target cursor, p - storm dragon
As you read the scroll of blinking, it crumbles to dust.
As you read the scroll of fog, it crumbles to dust.
The scroll dissolves into smoke.
The storm dragon breathes lightning at you.
The bolt of lightning is repelled.
The bolt of lightning hits you!
Ouch! That really hurt!
You die...

...>.......#
###.######.# #.# #...
#.# #.## #.# #.#
#.######.# .#
###...)....# .##
....######.#######§.####
...)# #....§§@§§.....
...O# #.######§§#.###
....# #.# #D§# .# ....#
#.# #.#####.#.# ....#
#.# #oa)....# ...<# #.#
#..###### ....######.#
#..#
Z..........######..#
##..........D..$)(.#


You could see a storm dragon.

Vanquished Creatures
  A hydra (D:8)
  Pikel (D:7)
  Joseph (D:7)
  Psyche (D:9)
  Sigmund (D:2)
  Eustachio (D:5)
  5 humans
  2 yaks
  2 hippogriffs
  A hog (D:7)
  Edmund (D:6)
  3 sky beasts
  2 black bears
  5 orc warriors
  3 slaves
  A wasp (D:9)
  4 ice beasts
  3 phantoms
  2 necrophages
  5 centaurs
  7 ogres
  5 big kobolds
  5 giant frogs
  A wyvern skeleton (D:11)
  4 scorpions
  A water moccasin skeleton (D:10)
  5 killer bees
  2 howler monkeys
  5 wights (D:8)
  8 jellies
  5 crimson imps
  2 quasits (D:12)
  A centaur zombie (D:9)
  7 hounds
  A giant frog skeleton (D:9)
  8 orc priests
  A centaur skeleton (D:10)
  16 orc wizards
  Natasha (thrice) (D:2)
  4 iguanas
  9 worker ants
  2 sheep
  A killer bee zombie (D:5)
  A hound zombie (D:7)
  A hound skeleton (D:6)
  A worker ant zombie (D:5)
  4 gnolls (D:6)
  13 adders
  2 shadow imps
  12 oozes
  An adder zombie (D:6)
  2 worms
  6 dart slugs
  7 giant geckos
  38 orcs
  6 giant cockroaches
  2 goblins
  7 hobgoblins
  16 jackals
  4 quokkas
  13 bats
  A giant gecko zombie (D:5)
  8 giant newts
  35 kobolds
  A quokka skeleton (D:4)
  7 rats
336 creatures vanquished.

Vanquished Creatures (others)
  A slave (D:7)
  A quasit (D:7)
  An orc (D:12)
  7 fungi (D:6)
10 creatures vanquished.

Grand Total: 346 creatures vanquished

Notes
Turn   | Place    | Note
-------+----------+-------------------------------------------
     0 | D:1      | Ijustatesigmund the Octopode Wizard began the quest for the Orb.
     0 | D:1      | Reached XP level 1. HP: 11/11 MP: 4/4
   527 | D:1      | Reached skill level 3 in Stealth
   527 | D:1      | Reached XP level 2. HP: 17/17 MP: 4/6
   533 | D:1      | Learned a level 2 spell: Blink
   536 | D:1      | Learned a level 2 spell: Repel Missiles
  1140 | D:1      | Gained mutation: You are robust. (+10% HP) [potion of beneficial mutation]
  1437 | D:2      | Noticed Sigmund
  1470 | D:2      | Found a faded altar of an unknown god.
  1629 | D:2      | Noticed Natasha
  1637 | D:2      | Reached XP level 3. HP: 23/23 MP: 5/7
  1666 | D:2      | Killed Natasha
  1666 | D:2      | Reached skill level 1 in Fighting
  1910 | D:2      | Found an iron altar of Okawaru.
  1911 | D:2      | Found a deep blue altar of Sif Muna.
  1912 | D:2      | Found a shadowy altar of Dithmenos.
  1912 | D:2      | Found a glowing silver altar of Zin.
  1913 | D:2      | Found a snail-covered altar of Cheibriados.
  1918 | D:2      | Found a white marble altar of Elyvilon.
  1918 | D:2      | Found a hazy altar of Hepliaklqana.
  1920 | D:2      | Reached skill level 1 in Short Blades
  1921 | D:2      | Found a sacrificial altar of Ru.
  2025 | D:2      | Noticed Natasha
  2025 | D:2      | Reached XP level 4. HP: 30/30 MP: 1/8
  2033 | D:2      | Killed Natasha
  2069 | D:2      | Noticed Natasha
  2074 | D:2      | Killed Natasha
  2274 | D:2      | Reached XP level 5. HP: 36/36 MP: 4/9
  2319 | D:2      | Learned a level 3 spell: Conjure Flame
  2748 | D:3      | Found an opulent altar of Gozag.
  2862 | D:3      | Reached skill level 1 in Fire Magic
  3539 | D:4      | Noticed an ogre
  3721 | D:4      | Reached XP level 6. HP: 41/41 MP: 6/10
  3829 | D:4      | Noticed a hippogriff
  3890 | D:2      | Learned a level 3 spell: Mephitic Cloud
  4109 | D:2      | Found a radiant altar of Vehumet.
  4113 | D:2      | Became a worshipper of Vehumet
  4157 | D:2      | Killed Sigmund
  4362 | D:4      | Killed a hippogriff
  4362 | D:4      | Reached XP level 7. HP: 42/47 MP: 8/11
  4842 | D:4      | Found a staircase to the Ecumenical Temple.
  5429 | D:5      | Entered Level 5 of the Dungeon
  5464 | D:5      | Reached XP level 8. HP: 47/52 MP: 7/12
  5474 | D:5      | Reached * piety under Vehumet
  5474 | D:5      | Offered knowledge of Shock by Vehumet.
  5611 | D:5      | Found a shattered altar of Ashenzari.
  5877 | D:5      | Reached skill level 5 in Conjurations
  5877 | D:5      | Reached skill level 5 in Air Magic
  6318 | D:5      | Found a burning altar of Makhleb.
  6336 | D:5      | Noticed Eustachio
  6347 | D:5      | Killed Eustachio
  7012 | D:5      | Found a shimmering altar of Xom.
  7099 | D:5      | Reached XP level 9. HP: 60/62 MP: 13/15
  7567 | D:6      | You fall through a shaft!
  7657 | D:7      | Reached ** piety under Vehumet
  7657 | D:7      | Offered knowledge of Searing Ray by Vehumet.
  7708 | D:7      | Learned a level 2 spell: Searing Ray
  7733 | D:7      | Reached skill level 5 in Short Blades
  7956 | D:7      | Reached skill level 4 in Stealth
  8374 | D:6      | Reached skill level 5 in Stealth
  8611 | D:6      | Found a stormy altar of Qazlal.
  8849 | D:6      | Noticed Edmund
  8867 | D:6      | Killed Edmund
  8915 | D:6      | Found a sparkling altar of Nemelex Xobeh.
  9180 | D:6      | Offered knowledge of Static Discharge by Vehumet.
  9750 | D:7      | Noticed Pikel
 10102 | D:7      | Reached XP level 10. HP: 43/70 MP: 11/16
 10300 | D:7      | Noticed Joseph
 10733 | D:7      | Reached skill level 6 in Stealth
 10897 | D:7      | Killed Pikel
 10897 | D:7      | Reached skill level 5 in Fighting
 10897 | D:7      | Reached skill level 7 in Stealth
 10940 | D:7      | Reached *** piety under Vehumet
 10978 | D:8      | Found Tuipeh's Food Shop.
 11016 | D:8      | Found Xivueqy's Distillery.
 11019 | D:8      | Bought a potion of berserk rage for 75 gold pieces
 11377 | D:7      | Killed Joseph
 11377 | D:7      | Reached skill level 8 in Stealth
 11496 | D:7      | Found Mesen's Antique Weapon Boutique.
 11885 | D:8      | Noticed a seven-headed hydra
 11933 | D:9      | Noticed Psyche
 11942 | D:9      | Killed Psyche
 12447 | D:8      | Offered knowledge of Throw Icicle by Vehumet.
 12626 | D:9      | Found a staircase to the Orcish Mines.
 13207 | D:9      | Found a sacrificial altar of Ru.
 13697 | D:9      | Paralysed by a wasp for 2 turns
 13703 | D:9      | Reached **** piety under Vehumet
 13703 | D:9      | Reached skill level 5 in Poison Magic
 13703 | D:9      | Reached XP level 11. HP: 58/82 MP: 15/17
 13891 | D:10     | Entered Level 10 of the Dungeon
 14157 | D:10     | Offered knowledge of Sticky Flame by Vehumet.
 14321 | D:10     | Learned a level 4 spell: Sticky Flame
 14437 | D:10     | Noticed Maurice
 14967 | D:11     | Found a shimmering altar of Xom.
 15550 | D:8      | Found Jaetod's Assorted Antiques.
 15560 | D:8      | Bought a metallic pink potion for 26 gold pieces
 15567 | D:8      | Found Gosim's Distillery.
 15582 | D:8      | Found Luvinomn's Book Shop.
 15838 | D:8      | Killed a seven-headed hydra
 15838 | D:8      | Reached skill level 5 in Fire Magic
 17243 | D:11     | Noticed Nergalle
 17610 | D:12     | Noticed a ghost crab
 17612 | D:12     | Noticed a storm dragon
 17613 | D:12     | a ghost crab changed into an elephant
 17631 | D:12     | Noticed a wizard
 17640 | D:12     | Killed from afar by a storm dragon

Vault maps used:
D:1:      dpeg_arrival_round_a
D:2:      grunt_temple_overflow_open, marbit_many_paths, ecumenical_altar_1,
          first_bread, uniq_natasha, uniq_sigmund
D:3:      overflow_temple_1_default, st_stairs_11
D:5:      tgw_xom, evilmike_ruin_ashenzari, bloody_makhleb, uniq_eustachio
D:6:      lemuel_slime, old_standard_altar, nemelex_xobeh_ov_fountains_minmay,
          uniq_edmund
D:7:      serial_shops, kennysheep_mini, grunt_livestock, uniq_joseph,
          uniq_pikel
D:8:      serial_shops, shop_coins, shop, kennysheep_mini_moat, shop,
          nicolae_shop_waterfront, nicolae_sextant, minmay_ruffians
D:9:      mumra_celtic_spiral_tile, david_orc_4,
          nicolae_ru_great_annihilating_truth, uniq_psyche
D:10:     uniq_maurice
D:11:     lair_0_dummy, basic_altar, uniq_nergalle
D:12:     serial_co_window_serial, co_window_corner_a, co_window_corner_a,
          co_window_paths_a, co_window_of_opportunity_a, co_window_paths_b,
          co_window_unsneaky_path_c, co_window_of_opportunity_b,
          co_window_corner_cb, co_window_unsneaky_path_c, co_window_4corner_b,
          jmf_multi_god_temple

Skill      XL: |  1  2  3  4  5  6  7  8  9 10 11 |
---------------+----------------------------------+-----
Stealth        | 3 5 8 |  8.1
Conjurations   | 2 4 5 6 |  6.5
Fighting       | 1 3 4 7 |  7.2
Short Blades   | 1 2 4 5 6 |  6.4
Translocations | 2 3 |  3.7
Fire Magic     | 2 7 |  7.3
Air Magic      | 3 4 5 |  5.1
Poison Magic   | 3 4 5 |  5.5
Spellcasting   | 4 |  4.5
Dodging        | 4 |  4.8
Summonings     | |  1.0

Action                   |  1- 3 |  4- 6 |  7- 9 | 10-12 || total
-------------------------+-------+-------+-------+-------++-------
Melee: Unarmed           |    10 |       |       |       ||    10
       Constrict         |     5 |    13 |    69 |    73 ||   160
       Tentacles         |     4 |     8 |    56 |    76 ||   144
       Short sword       |    14 |    70 |   404 |   420 ||   908
       Dagger            |       |       |       |     2 ||     2
Throw: Tomahawk          |       |       |     6 |     7 ||    13
 Cast: Magic Dart        |    66 |    80 |   167 |   247 ||   560
       Repel Missiles    |     1 |     1 |     1 |     1 ||     4
       Blink             |       |     2 |     3 |    11 ||    16
       Mephitic Cloud    |       |       |    10 |    24 ||    34
       Conjure Flame     |       |       |     5 |    21 ||    26
       Searing Ray       |       |       |     3 |     5 ||     8
Evoke: Wand              |       |     2 |    10 |    13 ||    25
       Box of beasts     |       |       |       |     2 ||     2
  Use: Scroll            |     6 |     6 |     6 |    12 ||    30
       Potion            |     1 |     1 |     1 |     3 ||     6
 Stab: Sleeping          |       |     3 |     5 |     8 ||    16
       Paralysed         |       |     3 |     5 |     1 ||     9
       Confused          |       |       |     2 |     9 ||    11
       Distracted        |       |       |     1 |       ||     1
  Eat: Chunk             |     3 |     8 |    13 |    13 ||    37
       Fruit             |       |       |     2 |       ||     2
       Pizza             |       |       |     2 |     5 ||     7
       Beef jerky        |       |       |     1 |     1 ||     2
       Bread ration      |       |       |       |     2 ||     2
Armor: Skin              |     4 |    27 |    88 |    78 ||   197
Dodge: Dodged            |    15 |    61 |   192 |   252 ||   520
       Deflected         |     1 |     1 |     3 |    16 ||    21
